[Event "Late-Titled-Tuesday-Blitz-February-27-2024"]
[Site "Chess.com"]
[Date "2024.02.27"]
[Round "5"]
[White "Felix-Rose"]
[Black "WPWPWP-2015"]
[Result "0-1"]
[WhiteElo "2266"]
[BlackElo "2432"]
[TimeControl "180+1"]
[EndTime "14:54:31 PST"]
[Termination "WPWPWP-2015 won by resignation"]

1. e4 c5 2. Nf3 e6 3. d4 cxd4 4. Nxd4 Nc6 5. Nc3 Qc7 6. Be3 a6 7.
Qf3 Nf6 8. O-O-O Ne5 9. Qg3 h5 10. h4 d6 11. f4 Nc4 12. Bxc4 Qxc4 13. e5 Ng4 14. Rhe1 d5 15. Qf3 g6 16. Kb1 Bb4 17.
Rd3 Bd7 18. Bg1 Rc8 19. a3 Be7 20. g3 b5 21. Nb3 Qc7 22. Rd4 Bxa3 23. Nxd5 Qxc2+ 0-1

[Event "Late-Titled-Tuesday-Blitz-February-27-2024"]
[Site "Chess.com"]
[Date "2024.02.27"]
[Round "5"]
[White "pfalcon1949"]
[Black "ElVital"]
[Result "0-1"]
[WhiteElo "1915"]
[BlackElo "2369"]
[TimeControl "180+1"]
[EndTime "14:54:32 PST"]
[Termination "ElVital won by resignation"]

1. e4 g6 2. d4 Bg7 3. Nc3 d6 4. f4 a6 5. Bd3 Bxd4 6. Nf3 Bg7 7.
O-O Nc6 8. Kh1 Nf6 9. Qe1 O-O 10. e5 Ng4 11. h3 Nh6 12. Bd2 Bf5 13. Bxf5 Nxf5 14.
g4 Nfd4 15. Nxd4 Nxd4 16. Rc1 dxe5 17. fxe5 Ne6 18. Rd1 Qd7 19. Bh6 Qc6+ 20. Ne4 Bxh6 21. Kg1 Rad8 22. Rxd8 Rxd8 23. g5 Nxg5 24. Nxg5 Bxg5 25.
Qf2 f6 26. Re1 Rd2 27. Qg3 Bh4 28. Qb3+ e6 0-1

[Event "Late-Titled-Tuesday-Blitz-February-27-2024"]
[Site "Chess.com"]
[Date "2024.02.27"]
[Round "5"]
[White "adricalderon8"]
[Black "Grischuk"]
[Result "0-1"]
[WhiteElo "2489"]
[BlackElo "3040"]
[TimeControl "180+1"]
[EndTime "14:54:33 PST"]
[Termination "Grischuk won by resignation"]

1. e4 e5 2. Nf3 Nc6 3. Bb5 a6 4. Ba4 Nf6 5. O-O Be7 6. Re1 b5 7. Bb3 d6 8. c3 O-O 9. h3 Nd7 10. d4 Bf6 11. a4 Bb7 12. Na3 exd4 13. cxd4 Na5 14. Ba2 b4 15. Nc4 Nxc4 16. Bxc4 d5 17.
exd5 Nb6 18. b3 Bxd5 19. Qc2 Nxc4 20. bxc4 Bxf3 21. gxf3 Bxd4 22. Rd1 Qf6 23. Rb1 c5 24. Rb3 Rae8 25. Rbd3 Re6 26. Kg2 Rfe8 27. f4 Re2 28. R3d2 Qc6+ 29. Kh2 Qf3 0-1

[Event "Late-Titled-Tuesday-Blitz-February-27-2024"]
[Site "Chess.com"]
[Date "2024.02.27"]
[Round "5"]
[White "Rashad_Zeynalli"]
[Black "pirulillo"]
[Result "1-0"]
[WhiteElo "2635"]
[BlackElo "2234"]
[TimeControl "180+1"]
[EndTime "14:54:33 PST"]
[Termination "Rashad_Zeynalli won by checkmate"]

1. e4 c5 2. Nf3 e6 3. d4 cxd4 4. Nxd4 Nf6 5. Nc3 Nc6 6. Ndb5 d6 7. Bf4 e5 8. Bg5 a6 9. Na3 b5 10. Bxf6 gxf6 11. Nd5 Bg7 12. Bd3 Ne7 13. c4 Nxd5 14.
cxd5 f5 15. O-O fxe4 16. Bxe4 f5 17. Qh5+ Kf8 18. Bxf5 Qf6 19. Bxc8 Rxc8 20. Rac1 Ke7 21. Nc2 Bh6 22. Ne3 Bxe3 23. Rxc8 Rxc8 24. fxe3 Qg6 25. Qh4+ Ke8 26. Qf2 Ke7 27. e4 Rg8 28. g3 h5 29.
Qa7+ Ke8 30. Qb8+ Kd7 31. Qb7+ Ke8 32. Rc1 Qxe4 33. Rc8# 1-0

[Event "Late-Titled-Tuesday-Blitz-February-27-2024"]
[Site "Chess.com"]
[Date "2024.02.27"]
[Round "5"]
[White "Englishman_18"]
[Black "DraningWaterHi"]
[Result "0-1"]
[WhiteElo "2356"]
[BlackElo "2235"]
[TimeControl "180+1"]
[EndTime "14:54:35 PST"]
[Termination "DraningWaterHi won by resignation"]

1. Nf3 Nf6 2. c4 g6 3. b3 Bg7 4. Bb2 O-O 5. g3 d6 6. d4 e5 7. dxe5 Nfd7 8. Bg2 dxe5 9. Nc3 c6 10. O-O Qe7 11.
Qc2 Na6 12. a3 f5 13. Rad1 e4 14. Nd4 Nac5 15. b4 Ne6 16. Nxe6 Qxe6 17. c5 Ne5 18.
Rd6 Qf7 19. Rfd1 Nc4 20. Rd8 Nxb2 21. Qxb2 Be6 22. Rxa8 Rxa8 23. Qc1 Qf6 24. Nb1 Rd8 25. f3 Rxd1+ 26. Qxd1 Qd4+ 27. Qxd4 Bxd4+ 28. Kf1 e3 29. a4 Bb3 30. a5 Bb2 31. f4 Bc2 32. b5 Kf8 33. a6 bxa6 34. bxc6 Ke7 35. c7 Kd7 36. Bd5 Bxb1 37. Be6+ Kxc7 0-1

[Event "Late-Titled-Tuesday-Blitz-February-27-2024"]
[Site "Chess.com"]
[Date "2024.02.27"]
[Round "5"]
[White "Fonsofan"]
[Black "VinzentSpitzl"]
[Result "1-0"]
[WhiteElo "2760"]
[BlackElo "2532"]
[TimeControl "180+1"]
[EndTime "14:54:42 PST"]
[Termination "Fonsofan won by resignation"]

1. b4 Nf6 2. Bb2 e6 3. b5 a6 4. a4 axb5 5. axb5 Rxa1 6. Bxa1 d5 7. Nf3 Be7 8. e3 O-O 9. c4 c6 10. Qb3 Nbd7 11. Be2 Nc5 12. Qc2 dxc4 13. Qxc4 cxb5 14. Qxb5 Bd7 15. Qb2 Na4 16. Qxb7 Qb8 17. Qxb8 Rxb8 18. O-O Ne4 19. Be5 Rc8 20. Ba6 Rc2 21. Bd3 Nxd2 22. Bxc2 Nxf1 23. Kxf1 Nb6 24. Nc3 Nc4 25. Bc7 Bb4 26.
Ne5 Nxe5 27. Bxe5 f6 28. Na2 Bb5+ 29. Kg1 Bc5 30. Bd4 Bd6 31. Bb3 Kf7 32. Nc3 Bc6 33.
f4 h6 34. f5 Bd7 35. Ne4 Be7 36. Nc5 1-0

[Event "Late-Titled-Tuesday-Blitz-February-27-2024"]
[Site "Chess.com"]
[Date "2024.02.27"]
[Round "5"]
[White "guillembaches"]
[Black "MolecularChemist"]
[Result "1/2-1/2"]
[WhiteElo "2528"]
[BlackElo "2860"]
[TimeControl "180+1"]
[EndTime "14:54:48 PST"]
[Termination "Game drawn by repetition"]

1. d4 Nf6 2. Nf3 g6 3. Bg5 Bg7 4. Nbd2 d5 5. e3 O-O 6. Be2 Nbd7 7. O-O c5 8. c3 b6 9. b4 Bb7 10. bxc5 bxc5 11. Qa4 Qc7 12. Bf4 Qc8 13. h3 Nb6 14. Qa3 cxd4 15. cxd4 Nc4 16. Qxe7 Re8 17. Qc5 Qxc5 18.
dxc5 Ne4 19. Rad1 Ncxd2 20. Nxd2 Nc3 21. Rde1 Nxe2+ 22. Rxe2 Ba6 23. Ree1 Bc3 24. Nb3 Bxf1 25. Rxf1 a5 26. Rc1 Bb4 27. c6 Rec8 28. c7 Ra7 29.
a4 Kf8 30. Nd4 Rb7 31. Nb5 Ke7 32. Rc6 Kd7 33. Rf6 Ke7 34. Rc6 Kd7 35. Rf6 Ke7 36. Rc6 1/2-1/2

[Event "Late-Titled-Tuesday-Blitz-February-27-2024"]
[Site "Chess.com"]
[Date "2024.02.27"]
[Round "5"]
[White "EcosseKillie"]
[Black "Zq1"]
[Result "0-1"]
[WhiteElo "2278"]
[BlackElo "2625"]
[TimeControl "180+1"]
[EndTime "14:54:52 PST"]
[Termination "Zq1 won by resignation"]

1. d4 Nf6 2. Bg5 c5 3. Nc3 cxd4 4. Qxd4 Nc6 5. Qh4 e6 6. O-O-O Be7 7. e4 d6 8. f4 Qc7 9. Nf3 a6 10. Kb1 b5 11. Bd3 Bb7 12. Rhe1 O-O-O 13. e5 dxe5 14. Nxe5 h6 15. Bxf6 Bxf6 16. Qg3 Rhg8 17. Ne4 Nxe5 18. fxe5 Bxe4 19. Bxe4 Bxe5 20. Rxd8+ Rxd8 21. Qa3 Qd6 22. Qf3 Bf6 23. a4 Qd4 24. Qb3 Qxa4 25. Qf3 Bxb2 26. Kxb2 Qb4+ 27. Ka2 Qxe1 28. Bb7+ Kb8 29. Qc6 Qa5+ 30.
Kb2 Qb4+ 31. Ka2 Qc4+ 0-1

[Event "Late-Titled-Tuesday-Blitz-February-27-2024"]
[Site "Chess.com"]
[Date "2024.02.27"]
[Round "5"]
[White "Capablanca_Oujda_2021"]
[Black "rikchessmx"]
[Result "0-1"]
[WhiteElo "2515"]
[BlackElo "2252"]
[TimeControl "180+1"]
[EndTime "14:54:53 PST"]
[Termination "rikchessmx won by resignation"]

1. e4 e5 2. Nf3 Nc6 3. Bc4 Bc5 4. b4 Bxb4 5. c3 Ba5 6. d4 exd4 7. O-O dxc3 8. Qb3 Qf6 9. Ba3 Nge7 10. Bd5 d6 11. Rd1 O-O 12. Bc1 Nxd5 13. exd5 Ne5 14. Nxe5 Qxe5 15. Na3 c2 16. Nxc2 Bf5 17. Bb2 Qf4 18.
Ne3 Bb6 19. Bc1 Qe5 20. Bb2 Qe4 21. Qc3 f6 22. Nxf5 Qxf5 23. a4 a5 24. Qd2 Rfe8 25. Re1 Kf7 26. h3 h5 27. Rad1 Bc5 28. Bd4 Bb4 29. Bc3 Bc5 30. Bd4 Qxd5 31. Bxc5 Qxd2 32. Rxd2 Rxe1+ 33. Kh2 dxc5 34. Rd7+ Re7 35. Rxc7 0-1

[Event "Late-Titled-Tuesday-Blitz-February-27-2024"]
[Site "Chess.com"]
[Date "2024.02.27"]
[Round "5"]
[White "hansen"]
[Black "Korchmar_Vasiliy"]
[Result "1-0"]
[WhiteElo "2916"]
[BlackElo "2695"]
[TimeControl "180+1"]
[EndTime "14:54:54 PST"]
[Termination "hansen won on time"]

1. e4 c5 2. Nf3 d6 3. Bc4 e6 4. O-O Nf6 5. d3 Be7 6. a3 O-O 7. Ba2 b6 8. Nc3 Bb7 9. Re1 Nbd7 10. h3 h6 11. Bf4 a6 12. Ne2 b5 13. Ng3 Rc8 14. Qd2 Re8 15. c3 Bf8 16. Rad1 e5 17.
Be3 d5 18. Qe2 g6 19. Nh2 Bg7 20. Bc1 Qb6 21. Ng4 Nxg4 22. hxg4 d4 23. cxd4 exd4 24.
f4 Nf6 25. e5 Bd5 26. Bxd5 Nxd5 27. Qf3 Rcd8 28. Ne4 Re6 29. g5 h5 30. Nf6+ Bxf6 31. gxf6 c4 32. f5 1-0

[Event "Late-Titled-Tuesday-Blitz-February-27-2024"]
[Site "Chess.com"]
[Date "2024.02.27"]
[Round "5"]
[White "ckgchess"]
[Black "MatyChess1"]
[Result "1-0"]
[WhiteElo "2879"]
[BlackElo "2658"]
[TimeControl "180+1"]
[EndTime "14:54:54 PST"]
[Termination "ckgchess won by resignation"]

1. e4 c6 2. d4 d5 3. e5 Bf5 4. h4 h5 5. c4 e6 6. Nc3 Nd7 7. cxd5 cxd5 8. Bd3 Ne7 9. Bg5 Bxd3 10. Qxd3 Qb6 11.
Nf3 Nf5 12. Nxd5 exd5 13. Qxf5 Bb4+ 14. Kf1 Nf8 15. Rc1 Ne6 16. Be3 g6 17. Qd3 O-O 18. g3 Be7 19. Rc2 a5 20. Kg2 a4 21. Rhc1 Qa6 22. Qd2 Qa5 23. Qd1 Qb5 24. Ne1 Ng7 25. Bh6 Rfe8 26. Bxg7 Kxg7 27. Qd3 Bd8 28. Qxb5 1-0

[Event "Late-Titled-Tuesday-Blitz-February-27-2024"]
[Site "Chess.com"]
[Date "2024.02.27"]
[Round "5"]
[White "Vigg-Sama"]
[Black "ImportedItalianMaple"]
[Result "1-0"]
[WhiteElo "2264"]
[BlackElo "2516"]
[TimeControl "180+1"]
[EndTime "14:54:54 PST"]
[Termination "Vigg-Sama won by resignation"]

1. c4 g6 2. g3 Bg7 3. Bg2 e5 4.
Nc3 f5 5. b4 Nf6 6. Rb1 d6 7. d3 O-O 8. Nf3 c6 9. b5 Nbd7 10. Ba3 Nc5 11. bxc6 bxc6 12. Bxc5 dxc5 13. Nxe5 Qd4 14. Nxc6 Qxc3+ 15. Qd2 Qxd2+ 16. Kxd2 Be6 17. Ne7+ Kh8 18. Bxa8 Rxa8 19. Rb7 Ng4 20. f3 Ne5 21. Rhb1 Nd7 22. Nc6 Re8 23. Rxa7 Ne5 24. Nxe5 Bxe5 25.
Rbb7 Bg8 26. Re7 Rxe7 27. Rxe7 Bd4 28. a4 Bf6 29. Re8 Kg7 30. a5 Bf7 31. Rb8 Be5 32. Rb7 Kf6 33. a6 Be8 34. a7 Bc6 35.
Rb6 1-0

[Event "Late-Titled-Tuesday-Blitz-February-27-2024"]
[Site "Chess.com"]
[Date "2024.02.27"]
[Round "5"]
[White "egnfanclub"]
[Black "Bugcrusher"]
[Result "0-1"]
[WhiteElo "2402"]
[BlackElo "2575"]
[TimeControl "180+1"]
[EndTime "14:54:56 PST"]
[Termination "Bugcrusher won by resignation"]

1. e4 c6 2. d4 d5 3. exd5 cxd5 4. c4 Nf6 5. Nc3 Nc6 6. Nf3 a6 7. cxd5 Nxd5 8. Bc4 Be6 9. Qe2 Rc8 10. Bb3 Na5 11.
Bxd5 Bxd5 12. Nxd5 Qxd5 13. O-O e6 14. Bg5 h6 15. Bf4 Be7 16. Rfc1 O-O 17. b3 Nc6 18. Rd1 Bf6 19. Qe3 Rfd8 20. Rac1 Nxd4 21. Nxd4 Rxc1 22.
Rxc1 Qxd4 23. Qxd4 Rxd4 24. Be3 Rd5 25. Kf1 Bd4 26. Rc7 Bxe3 27. fxe3 Rd2 28. a4 b5 29. axb5 axb5 30. Rb7 Rd5 31. Ke2 g5 32. e4 Rd4 33.
Ke3 Rb4 34. Kf3 Kg7 0-1

[Event "Late-Titled-Tuesday-Blitz-February-27-2024"]
[Site "Chess.com"]
[Date "2024.02.27"]
[Round "5"]
[White "Genghis_K"]
[Black "chess94cu"]
[Result "1-0"]
[WhiteElo "2931"]
[BlackElo "2700"]
[TimeControl "180+1"]
[EndTime "14:54:57 PST"]
[Termination "Genghis_K won by resignation"]

1. e4 e5 2. Nf3 Nc6 3. d4 exd4 4. Nxd4 Nf6 5. Nxc6 bxc6 6. Bd3 d5 7. exd5 cxd5 8.
O-O Be7 9. c4 c6 10. Nc3 O-O 11.
cxd5 cxd5 12. Be3 Bg4 13. Qd2 Be6 14. Rfe1 Re8 15. Bd4 Bd6 16. Rad1 h6 17. Bc2 Rc8 18. Ba4 Rf8 19. Bb3 Bb4 20. Qd3 Ne4 21. f3 Nxc3 22. bxc3 Bd6 23. Bc2 Re8 24. Qh7+ Kf8 25. Qxg7+ Ke7 26.
Bf6+ 1-0

[Event "Late-Titled-Tuesday-Blitz-February-27-2024"]
[Site "Chess.com"]
[Date "2024.02.27"]
[Round "5"]
[White "AjedrezenMadrid"]
[Black "1977Ivan"]
[Result "0-1"]
[WhiteElo "2526"]
[BlackElo "2747"]
[TimeControl "180+1"]
[EndTime "14:55:00 PST"]
[Termination "1977Ivan won by resignation"]

1. Nf3 d5 2. b3 c5 3. e3 f6 4.
d4 cxd4 5. exd4 Nc6 6. Bb2 Bg4 7. Nbd2 e6 8. h3 Bh5 9. Be2 Bd6 10. c4 Nge7 11. a3 O-O 12. b4 a6 13. Qb3 Kh8 14.
O-O-O Bf4 15. g3 Bh6 16. g4 Bf7 17. h4 Bf4 18. Kb1 dxc4 19. Bxc4 Nd5 20. h5 b5 21. Bd3 a5 22. Bxb5 Na7 23. Bd3 axb4 24. axb4 Nc6 25.
b5 Na5 26. Qc2 Nb4 27. Qc3 Nxd3 28. Qxd3 e5 29. h6 Bg6 30. Ne4 Qd5 31. Rde1 Nc4 32. Nh4 Nd2+ 33. Kc2 Bxe4 34. hxg7+ Kxg7 35. Rxe4 Qxe4 36. Nf5+ Kh8 0-1

[Event "Late-Titled-Tuesday-Blitz-February-27-2024"]
[Site "Chess.com"]
[Date "2024.02.27"]
[Round "5"]
[White "KorolDimitriy75"]
[Black "lamomiajunior"]
[Result "0-1"]
[WhiteElo "2458"]
[BlackElo "2732"]
[TimeControl "180+1"]
[EndTime "14:55:00 PST"]
[Termination "lamomiajunior won on time"]

1. d4 g6 2. c4 Bg7 3. Nf3 d6 4. Nc3 Nc6 5. e3 e5 6. Be2 Nge7 7. O-O O-O 8. h3 a5 9. d5 Nb8 10. e4 Nd7 11. Ne1 f5 12. Nd3 b6 13. f3 f4 14. Bd2 Nf6 15. Qc2 g5 16. a3 h5 17.
Nf2 Ng6 18. b4 g4 19. fxg4 hxg4 20. hxg4 Nh7 21. Nb5 axb4 22. axb4 Rxa1 23. Rxa1 Bd7 24.
c5 f3 25. gxf3 Bxb5 26. Bxb5 Nh4 27. Be2 Nxf3+ 28. Bxf3 Rxf3 29. cxd6 Qh4 30. Be1 cxd6 31. Qc8+ Nf8 32. Ra7 Qg3+ 33. Kf1 Qh3+ 34. Ke2 Re3+ 35. Kd2 Qf3 36. Qc4 Bh6 37. g5 Bxg5 0-1

[Event "Late-Titled-Tuesday-Blitz-February-27-2024"]
[Site "Chess.com"]
[Date "2024.02.27"]
[Round "5"]
[White "maurovargas01"]
[Black "IsaacWiebe"]
[Result "0-1"]
[WhiteElo "1846"]
[BlackElo "2368"]
[TimeControl "180+1"]
[EndTime "14:55:02 PST"]
[Termination "IsaacWiebe won by checkmate"]

1. e4 g6 2. Nc3 Bg7 3. f4 c6 4. Nf3 d5 5. e5 h5 6. g3 Nh6 7. Bg2 Bg4 8. O-O Bxf3 9. Bxf3 Nf5 10. d3 e6 11. Bg2 Qb6+ 12. Kh1 h4 13. Na4 Qa5 14.
c3 hxg3 15. h3 Nd7 16. b4 Qd8 17. Nc5 Nxc5 18. bxc5 Qe7 19. d4 O-O-O 20. Rb1 Kb8 21. Qa4 Ka8 22. Bd2 Rh4 23. Kg1 g5 24. fxg5 Bxe5 25. dxe5 Rxa4 26. Rb2 Qxc5+ 27. Kh1 Rh8 28. Rf4 Rxf4 29. Bxf4 Qxc3 30. Rb1 Qc2 31. Rf1 Rxh3+ 32. Kg1 Qc5+ 33. Be3 Qxe3+ 34. Rf2 Qxf2# 0-1

[Event "Late-Titled-Tuesday-Blitz-February-27-2024"]
[Site "Chess.com"]
[Date "2024.02.27"]
[Round "5"]
[White "NovakRatko"]
[Black "karinachess1"]
[Result "0-1"]
[WhiteElo "2470"]
[BlackElo "2616"]
[TimeControl "180+1"]
[EndTime "14:55:09 PST"]
[Termination "karinachess1 won by resignation"]

1. d4 Nf6 2. c4 e6 3. a3 d5 4. Nc3 Be7 5. f3 c5 6. cxd5 cxd4 7. Qxd4 Nc6 8. Qd1 exd5 9. e3 O-O 10.
Bd3 d4 11. exd4 Qxd4 12. Nge2 Qh4+ 13. g3 Qh5 14. Nf4 Qc5 15. Na4 Qa5+ 16. b4 Qe5+ 17.
Kf2 Qxa1 18. Qc2 Qd4+ 19. Be3 Qe5 20. Re1 Be6 21. Nc5 Bxc5 22. Bxc5 Qc7 23. Bxf8 Rxf8 24. Nxe6 fxe6 25. Rxe6 Qd7 26. Bc4 Kh8 27. Qc3 Qxe6 28. Bxe6 Ne4+ 0-1

[Event "Late-Titled-Tuesday-Blitz-February-27-2024"]
[Site "Chess.com"]
[Date "2024.02.27"]
[Round "5"]
[White "Godzillator"]
[Black "elmusmolamas"]
[Result "0-1"]
[WhiteElo "2346"]
[BlackElo "2504"]
[TimeControl "180+1"]
[EndTime "14:55:09 PST"]
[Termination "elmusmolamas won by resignation"]

1. Nf3 Nc6 2. d4 d5 3. c3 Nf6 4. Bf4 Bg4 5. h3 Bh5 6. e3 e6 7. Bb5 Bd6 8. Bg5 O-O 9. Nbd2 Ne7 10. Bxf6 gxf6 11. Bd3 f5 12. Qc2 c5 13. g4 Bg6 14.
gxf5 Bxf5 15. Bxf5 Nxf5 16. dxc5 Bxc5 17. O-O-O Kh8 18.
Kb1 Nh4 19. Nxh4 Qxh4 20. Nf3 Qf6 21. Nd4 Rg8 22. Rdg1 Rg7 23. Rxg7 Qxg7 24. a3 Rg8 25. Ka2 Qf6 26. Nb3 Bb6 27. Rd1 Rg2 28. Rd2 Qg6 29. Qd1 Rg1 30. Qc2 Qxc2 31. Rxc2 Rh1 32. c4 dxc4 33.
Rxc4 Rxh3 34. Rf4 Kg7 35. a4 Rh2 36. a5 Bc7 37. Rc4 Bd6 38. Rd4 Be5 39. Rd2 h5 40. Nc5 b6 41. Nd7 Bc7 42. a6 h4 43.
Rc2 Bd8 44. Rc8 Rxf2 45. Rxd8 Rd2 46. Rb8 Rxd7 47. Rb7 Rd5 48. Rxa7 h3 49. b4 h2 50.
Rb7 h1=Q 0-1

[Event "Late-Titled-Tuesday-Blitz-February-27-2024"]
[Site "Chess.com"]
[Date "2024.02.27"]
[Round "5"]
[White "LikeWater"]
[Black "Seochesspie"]
[Result "1-0"]
[WhiteElo "2696"]
[BlackElo "2883"]
[TimeControl "180+1"]
[EndTime "14:55:12 PST"]
[Termination "LikeWater won by resignation"]

1. d4 Nf6 2. Nf3 d5 3. c4 e6 4. Bg5 h6 5. Bxf6 Qxf6 6. e3 Nd7 7. Nc3 c6 8. Bd3 g6 9. e4 dxe4 10. Nxe4 Bb4+ 11. Ke2 Qg7 12. c5 Ba5 13. Nd6+ Kf8 14. Qb3 Qf6 15. Nxc8 Rxc8 16. Qxb7 Qd8 17. b4 Rb8 18.
Qxc6 Rxb4 19. Rab1 Nf6 20. a3 Rxb1 21. Rxb1 Kg7 22.
Rb7 Nd5 23. Ne5 Rf8 24. Rd7 Qg5 25. g3 Qc1 26. Qxe6 Qe1+ 27. Kf3 Qh1+ 28. Kg4 Nf6+ 29. Kh3 1-0

[Event "Late-Titled-Tuesday-Blitz-February-27-2024"]
[Site "Chess.com"]
[Date "2024.02.27"]
[Round "5"]
[White "venturov"]
[Black "MusicCityMaster"]
[Result "1-0"]
[WhiteElo "2444"]
[BlackElo "2547"]
[TimeControl "180+1"]
[EndTime "14:55:12 PST"]
[Termination "venturov won by checkmate"]

1. e4 e6 2. Nf3 d5 3. e5 c5 4. b4 cxb4 5. a3 Nc6 6. axb4 Bxb4 7. c3 Bf8 8. d4 Bd7 9. Bd3 a6 10. O-O Nh6 11. Bxh6 gxh6 12. Ne1 Na5 13. f4 Bb5 14. f5 Bxd3 15. Nxd3 Qg5 16. Rxa5 Rg8 17. Ra2 O-O-O 18. fxe6 fxe6 19. Nf4 Re8 20. Qa4 Re7 21. c4 dxc4 22. Qxc4+ Kb8 23. Nxe6 Qe3+ 24. Kh1 Bg7 25. Nc5 Rc8 26. Nc3 Rxc5 27. dxc5 Rxe5 28. Qg8+ Ka7 29. Nb5# 1-0

[Event "Late-Titled-Tuesday-Blitz-February-27-2024"]
[Site "Chess.com"]
[Date "2024.02.27"]
[Round "5"]
[White "FredddieCroderg"]
[Black "FuenfgegenWilly"]
[Result "0-1"]
[WhiteElo "2281"]
[BlackElo "2463"]
[TimeControl "180+1"]
[EndTime "14:55:14 PST"]
[Termination "FuenfgegenWilly won by resignation"]

1. e4 e5 2. Bc4 Nf6 3. Qf3 Nc6 4. c3 Bc5 5. h3 d6 6. d3 Be6 7. g4 d5 8. Bb3 h6 9. Ne2 Qd7 10. Ng3 dxe4 11. dxe4 O-O-O 12. Nf5 Bxb3 13. axb3 Nxe4 14. Ne3 Ng5 15. Qg2 e4 16. Nd2 Bxe3 17. fxe3 Qd3 18. Qe2 Qc2 19. b4 Ne5 20. O-O Nef3+ 21. Kh1 Nxd2 22.
Rxa7 Kb8 23. Ra5 Ngf3 24. b5 Qd3 25. Qxd3 Rxd3 26. Rd1 Nb3 0-1

[Event "Late-Titled-Tuesday-Blitz-February-27-2024"]
[Site "Chess.com"]
[Date "2024.02.27"]
[Round "5"]
[White "AlexTruskavetsky"]
[Black "Bilan_Danila"]
[Result "1-0"]
[WhiteElo "2709"]
[BlackElo "2547"]
[TimeControl "180+1"]
[EndTime "14:55:17 PST"]
[Termination "AlexTruskavetsky won on time"]

1. d4 d5 2. c4 c6 3. Nf3 Nf6 4. e3 g6 5. Bd3 Bg7 6. O-O O-O 7. b3 Ne4 8. Bb2 Bf5 9. Nc3 Nd7 10. cxd5 Nxc3 11.
Bxc3 cxd5 12. Ne1 Rc8 13. Rc1 Qb6 14. Qd2 Nf6 15. Bxf5 gxf5 16. f3 Qe6 17. Nd3 Rc7 18.
Nc5 Qc8 19. Bb4 Re8 20. Nd3 e6 21. Bd6 Rxc1 22. Rxc1 Qd7 23. Be5 Rc8 24. Nc5 Qb5 25. a4 Qc6 26. Kf2 Ne8 27. Bxg7 Kxg7 28. b4 b6 29. b5 Qa8 30. Nd3 Nd6 31. e4 dxe4 32. Qg5+ Kf8 33. Ne5 Rxc1 34. Qxc1 Kg7 35. Qg5+ Kf8 36.
Qh6+ Ke7 37. Qxh7 Qd5 38. Qh4+ Ke8 39. Nc6 1-0

[Event "Late-Titled-Tuesday-Blitz-February-27-2024"]
[Site "Chess.com"]
[Date "2024.02.27"]
[Round "5"]
[White "Practical-Play"]
[Black "ameetghasi100"]
[Result "0-1"]
[WhiteElo "2539"]
[BlackElo "2758"]
[TimeControl "180+1"]
[EndTime "14:55:19 PST"]
[Termination "ameetghasi100 won by checkmate"]

1. e4 g6 2. d4 Bg7 3. Nc3 d6 4. f4 e6 5. Nf3 Ne7 6. Be3 O-O 7. h4 h5 8. Qd2 Nd7 9. O-O-O Nf6 10. Bd3 a6 11. Rdg1 Ng4 12. Nd1 b5 13. Nf2 f5 14.
Nxg4 fxg4 15. Ng5 d5 16. e5 Nf5 17. g3 Qe7 18. Bxf5 gxf5 19. Kb1 Bd7 20. Qa5 Rfc8 21. b4 Rcb8 22. Bd2 Rb6 23. c3 Rc6 24. Rc1 Rc4 25. Rc2 Bf8 26. Qa3 a5 27. Qb3 axb4 28.
cxb4 Ra4 29. a3 Rxd4 30. Rhc1 Rc4 31. Bc3 Qd8 32. Bb2 Qa8 33. Qd3 Qa6 34. Qb3 Be7 35.
Qd3 Qb6 36. Rxc4 bxc4 37. Qd1 Qb5 38. Qd4 c5 39. bxc5 Bxc5 40. Qc3 Rxa3 41. Qc2 Rb3 42.
Ka2 Bc6 43. Ra1 d4 44. Nxe6 Bd5 45. Qxf5 Rxb2# 0-1

[Event "Late-Titled-Tuesday-Blitz-February-27-2024"]
[Site "Chess.com"]
[Date "2024.02.27"]
[Round "5"]
[White "Mikhail_Golubev"]
[Black "Boninknights"]
[Result "1-0"]
[WhiteElo "2642"]
[BlackElo "2396"]
[TimeControl "180+1"]
[EndTime "14:55:20 PST"]
[Termination "Mikhail_Golubev won by resignation"]

1. e4 e5 2. Nf3 Qe7 3. Bc4 g6 4. O-O Bg7 5. d4 d6 6. Nc3 c6 7. a4 a5 8. h3 Nf6 9. Re1 O-O 10. Bg5 h6 11. Be3 Na6 12. Qd2 Kh7 13. Rad1 Nb4 14. dxe5 dxe5 15. Bb6 Be6 16. Nxe5 Nh5 17. Bxe6 Bxe5 18.
Bb3 Nf4 19. Qd7 Qg5 20. g3 Ne6 21. Bxe6 Bxg3 22. Bg4 Be5 23. Be3 Qh4 24. Bc5 Rad8 25.
Qxb7 Nxc2 26. Rxd8 Rxd8 27. Qxf7+ Kh8 28. Rf1 h5 29.
Be7 1-0

[Event "Late-Titled-Tuesday-Blitz-February-27-2024"]
[Site "Chess.com"]
[Date "2024.02.27"]
[Round "5"]
[White "ural58"]
[Black "rhwr"]
[Result "0-1"]
[WhiteElo "2481"]
[BlackElo "2337"]
[TimeControl "180+1"]
[EndTime "14:55:20 PST"]
[Termination "rhwr won by resignation"]

1. e4 c5 2. b3 Nc6 3. Bb2 e5 4. f4 d6 5. Qf3 Nd4 6. Bxd4 exd4 7. c3 Nf6 8. Bb5+ Bd7 9. Bxd7+ Qxd7 10. cxd4 cxd4 11.
Ne2 Qc6 12. d3 Qb6 13. Nd2 Be7 14. Nc4 Qb4+ 15. Kf2 O-O 16. a3 Qxb3 17. Rhb1 Qa4 18.
Rxb7 Rfe8 19. Rab1 d5 20. exd5 Rad8 21. d6 Bxd6 22. Nxd6 Rxd6 23. Rb8 Rdd8 24. Qa8 Qa5 25. Rxd8 Qxd8 26. Qxa7 Ng4+ 27. Kf3 h5 0-1

[Event "Late-Titled-Tuesday-Blitz-February-27-2024"]
[Site "Chess.com"]
[Date "2024.02.27"]
[Round "5"]
[White "Njal28"]
[Black "Bigfish1995"]
[Result "1-0"]
[WhiteElo "3040"]
[BlackElo "3158"]
[TimeControl "180+1"]
[EndTime "14:55:23 PST"]
[Termination "Njal28 won by resignation"]

1. d4 d5 2. Nf3 c5 3. c4 cxd4 4. cxd5 Qa5+ 5. Qd2 Qxd2+ 6. Bxd2 Nf6 7. Nxd4 Nxd5 8. e4 Nc7 9. Nc3 a6 10. Bf4 Ne6 11.
Nd5 Nxd4 12. Nc7+ Kd8 13. O-O-O Nc6 14. Nxa8 f6 15. e5 g5 16. Bg3 h5 17. f4 gxf4 18.
Bxf4 fxe5 19. Bxe5 Bh6+ 20. Kb1 Nxe5 21. Rxd4+ Bd7 22.
Rd5 Bg7 23. Nb6 Kc7 24. Nxd7 Nxd7 25. Be2 h4 26. Rc1+ 1-0

[Event "Late-Titled-Tuesday-Blitz-February-27-2024"]
[Site "Chess.com"]
[Date "2024.02.27"]
[Round "5"]
[White "ahkashefi2800"]
[Black "michaelk123"]
[Result "1-0"]
[WhiteElo "2628"]
[BlackElo "2486"]
[TimeControl "180+1"]
[EndTime "14:55:24 PST"]
[Termination "ahkashefi2800 won on time"]

1. d4 Nf6 2. Nf3 g6 3. g3 Bg7 4. Bg2 d5 5. b3 O-O 6. O-O a5 7. Bb2 c6 8. Nbd2 a4 9. c4 Bf5 10. e3 Ne4 11. Nxe4 Bxe4 12. Bc3 e6 13. Re1 Nd7 14.
Qd2 c5 15. cxd5 exd5 16. dxc5 axb3 17. axb3 Bxc3 18. Qxc3 Qc7 19. b4 Rfd8 20. Nd4 Ne5 21. Nb5 Qe7 22. Nd6 Qf6 23. Qd4 Rxa1 24. Rxa1 Rxd6 25.
Bxe4 dxe4 26. Ra8+ Kg7 27. Qxd6 Nf3+ 28. Kg2 Qf5 29.
Qf8+ Kf6 30. Qd8+ 1-0

[Event "Late-Titled-Tuesday-Blitz-February-27-2024"]
[Site "Chess.com"]
[Date "2024.02.27"]
[Round "5"]
[White "AcostaPablo"]
[Black "js20000"]
[Result "0-1"]
[WhiteElo "2628"]
[BlackElo "2835"]
[TimeControl "180+1"]
[EndTime "14:55:25 PST"]
[Termination "js20000 won on time"]

1. d4 e6 2. c4 b6 3. Nc3 Bb4 4. e3 Bb7 5. Bd2 f5 6. Qb3 a5 7.
a3 Be7 8. Nf3 Nf6 9. Bd3 h6 10.
Ne5 O-O 11. Ng6 Re8 12. c5 Kh7 13. Nxe7 Qxe7 14. cxb6 cxb6 15. Qxb6 Ba6 16. Bxa6 Rxa6 17. Qb3 Nc6 18. O-O Rb8 19. Qc2 Rab6 20. Rab1 Rb3 21.
f3 Kg8 22. Na4 Nd5 23. Rfe1 f4 24. exf4 Nxd4 25. Qe4 Nf5 26. g4 Nh4 27. Nc3 Qc5+ 28. Be3 Nxe3 29. Rxe3 Rxc3 30. Re1 Rxb2 0-1